 Dungeon Crawl Stone Soup version 0.26-a0-663-g36e8fdb655 (webtiles) character file.

Game seed: 5748017739682392370

2050 corevian the Cleaver (level 9, -13/75 HPs)
             Began as a Minotaur Fighter on Oct 11, 2020.
             Mangled by an orc warrior
             ... wielding a +0 glaive
              (18 damage)
             ... on level 7 of the Dungeon.
             The game lasted 00:09:47 (8071 turns).

corevian the Cleaver (Minotaur Fighter)             Turns: 8071, Time: 00:09:48

Health: -13/75     AC: 13    Str: 25    XL:     9   Next: 4%
Magic:  7/7        EV:  6    Int:  5    God:
Gold:   610        SH: 10    Dex:  9    Spells: 8/8 levels left

rFire    . . .     SeeInvis .   a - +1 war axe
rCold    . . .     Faith    .   c - +0 kite shield
rNeg     . . .     Spirit   .   q - +0 chain mail
rPois    .         Reflect  .   (helmet restricted)
rElec    .         Harm     .   t - +1 cloak
rCorr    .         Rampage  .   z - +0 pair of gloves (curse)
MR       .....     Clarity  +   (no boots)
Stlth    ..........             (no amulet)
HPRegen  0.22/turn              (no ring)
MPRegen  0.10/turn              (no ring)

@: heavily drained
A: retaliatory headbutt, horns 2, blurry vision 1, clarity, low mp 1
a: no special abilities


You were on level 7 of the Dungeon.
You visited 1 branch of the dungeon, and saw 7 of its levels.
You also visited: Sewer and Ossuary.

You collected 610 gold pieces.

Inventory:

Hand Weapons
 a - a +1 war axe (weapon)
 s - a +1 vorpal war axe
Armour
 b - a +0 scale mail
 c - a +0 kite shield (worn)
 q - a +0 chain mail (worn)
 t - a +1 cloak (worn)
 y - the cursed +0 helmet "Sad Leu" {+Inv rPois Int+3 Slay+3 Stlth-, unknown}
   (You found it on level 6 of the Dungeon)

   It affects your intelligence (+3).
   It affects your accuracy and damage with ranged weapons and melee attacks
   (+3).
   It protects you from poison.
   It lets you turn invisible.
   It makes you less stealthy.
   It has a curse placed upon it.
 z - a cursed +0 pair of gloves (worn)
Wands
 j - a wand of iceblast (21)
 n - a wand of enslavement (7)
 u - a wand of acid (13)
 A - a wand of flame (16)
Scrolls
 e - 2 scrolls of enchant armour
 f - 6 scrolls of remove curse
 h - 3 scrolls of blinking
 i - a scroll of magic mapping
 k - a scroll of fog
 m - 3 scrolls of teleportation
 p - 2 scrolls of random uselessness
 r - a scroll of identify
 v - 3 scrolls of fear
 B - 3 scrolls of amnesia
Potions
 d - a potion of might
 g - 2 potions of curing
 l - a potion of degeneration {unknown}
 o - a potion of cancellation {unknown}
 w - a potion of stabbing
 x - 2 potions of flight


   Skills:
 + Level 6.1(4.6) Fighting
 + Level 10.3(8.7) Axes
 + Level 6.9(5.5) Armour
 + Level 2.4(1.2) Dodging
 + Level 0.2(0.0) Stealth
 + Level 6.5(5.1) Shields


You had 8 spell levels left.
You didn't know any spells.
Your spell library was empty.

Dungeon Overview and Level Annotations

Branches:
Dungeon (7/15)              Sewer (visited)         Ossuary (visited)
 Temple: D:4-7

Altars:
Cheibriados
Kikubaaqudgha
Qazlal
Trog
Vehumet
Beogh

Annotations:
D:4 3 runed translucent doors, jasper's ghost, amateur KoAM


Innate Abilities, Weirdness & Mutations

You reflexively headbutt those who attack you in melee.
You have a pair of horns on your head.
Scrolls take you a little longer to read.
You possess an exceptional clarity of mind.
Your magical capacity is low. (-10% MP)


Message History

* * * LOW HITPOINT WARNING * * *
You hit the orc wizard. Your headbutt misses the orc wizard.
The orc wizard is severely wounded.
You barely miss something. Something hits you but does no damage.
The orc wizard hits you but does no damage.
The orc warrior hits you from afar with a +0 glaive!
* * * LOW HITPOINT WARNING * * *
Something hits you but does no damage.
Okay, then.
You block something's attack.
You hear some strange, mumbled words.
A puff of frost appears from out of thin air!
The puff of frost hits you.
* * * LOW HITPOINT WARNING * * *
There is a stone staircase leading up here.
Something hits you.
* * * LOW HITPOINT WARNING * * *
The orc wizard hits you but does no damage.
The orc warrior hits you from afar with a +0 glaive!!
You die...

# ####### ..
#)....# ...
.##.....# ....
.......@# .....
###....o##......
#...!o.†....#
####.)......#
#........#
............
###........##
#........#
#......∩.∩.


You could see an orc warrior and an orc wizard.

Vanquished Creatures
  Maggie (D:6)
  A water moccasin (D:5)
  An orc warrior (D:6)
  A phantom (D:6)
  2 ogres
  A centaur (D:5)
  Blork the orc (D:6)
  3 bullfrogs (D:6)
  A scorpion (D:4)
  4 wights (D:6)
  3 orc priests (D:6)
  A centaur skeleton (D:6)
  A hound (D:7)
  A human zombie (Ossuary)
  2 jellies
  An orc wizard (D:6)
  2 worker ants
  4 big kobold zombies (Ossuary)
  A hound skeleton (D:5)
  2 mummies (Ossuary)
  2 worker ant zombies (D:5)
  4 gnolls (D:3)
  5 adders
  3 shadow imps
  A white imp (D:4)
  3 oozes
  An adder zombie (D:5)
  3 adder skeletons
  8 worms
  2 dart slugs
  10 leopard geckos
  8 orcs
  3 ball pythons
  18 bats
  14 giant cockroaches
  9 goblins
  12 hobgoblins
  10 jackals
  3 quokkas
  7 frilled lizards
  3 gnoll zombies (Ossuary)
  2 goblin zombies
  2 hobgoblin zombies (Ossuary)
  6 kobolds
  A leopard gecko skeleton (D:7)
  3 orc zombies (Ossuary)
  7 rats
  A rat zombie (D:5)
185 creatures vanquished.

Vanquished Creatures (others)
  9 plants (D:3)
9 creatures vanquished.

Grand Total: 194 creatures vanquished

Notes
Turn   | Place    | Note
-------+----------+-------------------------------------------
     0 | D:1      | corevian the Minotaur Fighter began the quest for the Orb.
     0 | D:1      | Reached XP level 1. HP: 19/19 MP: 0/0
   376 | D:1      | Reached XP level 2. HP: 24/27 MP: 1/1
   668 | D:1      | Reached skill level 3 in Axes
   668 | D:1      | Reached XP level 3. HP: 32/33 MP: 2/2
  1136 | D:2      | Reached skill level 1 in Dodging
  1312 | D:2      | Found a stormy altar of Qazlal.
  1405 | D:2      | Reached XP level 4. HP: 40/40 MP: 3/3
  1797 | D:2      | Found a snail-covered altar of Cheibriados.
  2079 | D:3      | Reached skill level 4 in Axes
  2100 | D:3      | Found a faded altar of an unknown god.
  2300 | D:3      | Reached XP level 5. HP: 46/46 MP: 4/4
  2348 | D:3      | Found an ancient bone altar of Kikubaaqudgha.
  3053 | D:4      | Found a runed translucent gate.
  3053 | D:4      | Identified the +8 plate armour of Protective Custody {rC-
                  | MR+ Regen+ rCorr Str+2}
  3053 | D:4      | Noticed an orc warrior
  3053 | D:4      | Noticed jasper's ghost (amateur KoAM)
  3053 | D:4      | Identified the +6 hand axe "Conservator" {vorpal, +Rage
                  | Str+4 Dex-5}
  3054 | D:4      | Found a runed translucent gate.
  3055 | D:4      | Found a runed translucent gate.
  3076 | D:4      | Found a glowing drain.
  3092 | Sewer    | Entered a sewer
  3388 | Sewer    | Gained mutation: Scrolls take you a little longer to read.
                  | [potion of mutation]
  3388 | Sewer    | Gained mutation: Your magical capacity is low. (-10% MP)
                  | [potion of mutation]
  3388 | Sewer    | Gained mutation: You possess an exceptional clarity of
                  | mind. [potion of mutation]
  4762 | D:4      | Reached skill level 5 in Shields
  4812 | D:4      | Reached skill level 5 in Axes
  4812 | D:4      | Reached XP level 6. HP: 30/53 MP: 4/4
  5153 | D:4      | Found a roughly hewn altar of Beogh.
  5198 | D:5      | Entered Level 5 of the Dungeon
  5221 | D:5      | Reached skill level 5 in Armour
  5435 | D:5      | Found a sand-covered staircase.
  5445 | Ossuary  | Entered an ossuary
  5617 | Ossuary  | Reached skill level 6 in Axes
  5617 | Ossuary  | Reached XP level 7. HP: 58/60 MP: 5/5
  5842 | D:5      | Found a radiant altar of Vehumet.
  6254 | D:5      | Reached skill level 5 in Fighting
  6284 | D:5      | Reached skill level 7 in Axes
  6621 | D:6      | Reached skill level 8 in Axes
  6621 | D:6      | Reached XP level 8. HP: 52/68 MP: 6/6
  6625 | D:6      | Got a shimmering helmet
  7200 | D:6      | Reached skill level 9 in Axes
  7350 | D:6      | Noticed Maggie
  7366 | D:6      | Killed Maggie
  7583 | D:6      | Noticed Blork the orc
  7597 | D:6      | Reached skill level 10 in Axes
  7607 | D:6      | Killed Blork the orc
  7608 | D:6      | Reached XP level 9. HP: 16/75 MP: 7/7
  7891 | D:6      | Found a bloodstained altar of Trog.
  8071 | D:7      | Mangled by an orc warrior

Illustrated notes

Levels and vault maps discovered:
D:1:      mrwooster_arrival_statue, layout_loops_ring
D:2:      layout_loops_corners, cheibriados_altar_1, grunt_qazlal_clouds
D:3:      layout_basic, lemuel_doored_altar, chequers_ecumenical_altar_lobes
D:4:      layout_cave_pools, gup_sewer_entry_pipe, biasface_ghost_orc_armoury
D:5:      minmay_chambers_of_fours, layout_basic, kennysheep_mini_moat,
          enter_ossuary_4
D:6:      layout_loops_ring, lemuel_round_altar, uniq_maggie, uniq_blork_the_orc
D:7:      layout_basic, okawaru_humans, dancing_weapons_uskayaw,
          lemuel_round_altar, temple_fountains, serial_shops,
          nicolae_shop_competitors_out_of_business, uniq_duvessa, uniq_harold

Skill      XL: |  1  2  3  4  5  6  7  8 |
---------------+-------------------------+-----
Shields        | 4 5 6 |  6.5
Fighting       | 4 5 6 |  6.1
Axes           | 3 4 5 6 8 10 | 10.3
Dodging        | 1 2 |  2.4
Armour         | 4 5 6 |  6.9
Stealth        | |  0.2

Action                   |  1- 3 |  4- 6 |  7- 9 || total
-------------------------+-------+-------+-------++-------
Melee: War axe           |   104 |   210 |   191 ||   505
       Headbutt          |    11 |    44 |    30 ||    85
  Use: Potion            |       |     8 |       ||     8
       Scroll            |       |       |    12 ||    12
Armor: Scale mail        |    62 |    10 |       ||    72
       Chain mail        |       |   125 |    71 ||   196
Dodge: Dodged            |    33 |    90 |    43 ||   166
Block: Kite shield       |    69 |   159 |    88 ||   316

Table legend: (Time is in decaauts)
 A = Elapsed time spent in this place.
 B = Non-inter-level travel time spent in this place.
 C = Inter-level travel time spent in this place.
 D = Time resting spent in this place.
 E = Time spent auto-exploring this place.
 F = Levels seen in this place.
 G = Mean time per level.
                   A        B        C        D        E       F      G
               +--------+--------+--------+--------+--------+-----+--------+
         Total |   8342 |   8076 |    266 |   1207 |   5430 |   9 |  926.9 |
       Dungeon |   6260 |   5994 |    266 |     73 |   4916 |   7 |  894.3 |
         Sewer |   1783 |   1783 |      0 |   1134 |    292 |   1 | 1783.0 |
       Ossuary |    298 |    298 |      0 |      0 |    222 |   1 |  298.0 |
               +--------+--------+--------+--------+--------+-----+--------+

Top non-repeatable levels by time:
   Sewer: 1783 daAuts
     D:6: 1597 daAuts
     D:1: 1106 daAuts
     D:5: 1000 daAuts
     D:3: 981 daAuts
     D:2: 853 daAuts
     D:4: 703 daAuts
 Ossuary: 298 daAuts
     D:7: 17 daAuts
